TOP OF THE 1ST |
Hamilton Cardinals batting - Pitching for London Majors : LHP Frank Cota
|
Pitching: LHP Frank Cota
|
|
Batting: RHB Dan Wages
|
0-0: Called Strike 0-1: Swinging Strike 0-2: Strikes out looking
|
Batting: LHB Rafael Banda
|
0-0: DOUBLE (Line Drive, 7LD, EV 102.5 MPH)
|
Batting: SHB J.T. Ready
|
0-0: Ball 1-0: Foul Ball, location: 2F 1-1: Ball 2-1: Foul Ball, location: 2F 2-2: Foul Ball, location: 2F 2-2: Ground out 4-3 (Groundball, 4S, EV 70.6 MPH) Rafael Banda to third
|
Batting: RHB Edgar Klockow
|
0-0: Foul Ball, location: 2F 0-1: Foul Ball, location: 2F 0-2: Strikes out swinging
|
Top of the 1st over - 0 runs, 1 hit, 0 errors, 1 left on base; Hamilton 0 - London 0 |
BOTTOM OF THE 1ST |
London Majors batting - Pitching for Hamilton Cardinals : RHP Ryan Zart
|
Pitching: RHP Ryan Zart
|
|
Batting: SHB Steve Ramsey
|
0-0: Fly out, F4 (Line Drive, 4, EV 70.6 MPH)
|
Batting: SHB Toby Patenaude
|
0-0: Ball 1-0: Fly out, F8 (Flyball, 8RM, EV 88.1 MPH)
|
Batting: RHB Brandon Williams
|
0-0: Ball 1-0: Called Strike 1-1: Ball 2-1: Ball 3-1: Swinging Strike 3-2: Base on Balls
|
Batting: RHB Carlos Murillo
|
0-0: Ball Brandon Williams steals 2nd base 1-0: Fly out, F4 (Popup, 4D, EV 66.9 MPH)
|
Bottom of the 1st over - 0 runs, 0 hits, 0 errors, 1 left on base; Hamilton 0 - London 0 |
TOP OF THE 2ND |
Hamilton Cardinals batting - Pitching for London Majors : LHP Frank Cota
|
Batting: LHB Pete Mitchell
|
0-0: Ball 1-0: Foul Ball, location: 2F 1-1: Foul Ball, location: 2F 1-2: Foul Ball, location: 2F 1-2: Ball 2-2: Strikes out swinging
|
Batting: SHB Kelly Brooks
|
0-0: Ball 1-0: Foul Ball, location: 2F 1-1: Swinging Strike 1-2: Strikes out looking
|
Batting: RHB Oscar Higareda
|
0-0: Called Strike 0-1: Ball 1-1: SINGLE (Groundball, 6D, EV 111.2 MPH)
|
Batting: SHB Brad Meyer
|
0-0: Swinging Strike 0-1: Ball 1-1: Foul Ball, location: 2F 1-2: Strikes out swinging, 2-3 out at first.
|
Top of the 2nd over - 0 runs, 1 hit, 0 errors, 1 left on base; Hamilton 0 - London 0 |
BOTTOM OF THE 2ND |
London Majors batting - Pitching for Hamilton Cardinals : RHP Ryan Zart
|
Batting: RHB Cormackle Poohdatoot
|
0-0: Ball 1-0: Ball 2-0: Called Strike 2-1: Ball 3-1: Base on Balls
|
Batting: SHB Joe Loveless
|
0-0: Ball 1-0: Fly out, F9 (Line Drive, 89D, EV 103.1 MPH)
|
Batting: LHB Edwin Esparza
|
0-0: Swinging Strike 0-1: Fielders Choice at 2nd, 4-6 (Groundball, 34, EV 91.2 MPH)
|
Batting: RHB Tom Bergman
|
0-0: Fielders Choice at 2nd, 6-4 (Groundball, 6, EV 100.0 MPH)
|
Bottom of the 2nd over - 0 runs, 0 hits, 0 errors, 1 left on base; Hamilton 0 - London 0 |
TOP OF THE 3RD |
Hamilton Cardinals batting - Pitching for London Majors : LHP Frank Cota
|
Batting: SHB Felipe Campanella
|
0-0: Called Strike 0-1: Ball 1-1: Fly out, F8 (Flyball, 8RD, EV 101.2 MPH)
|
Batting: RHB Dan Wages
|
0-0: Ground out 5-3 (Groundball, 56S, EV 88.8 MPH)
|
Batting: LHB Rafael Banda
|
0-0: Called Strike 0-1: Foul Ball, location: 2F 0-2: Ball 1-2: Ball 2-2: Strikes out swinging
|
Top of the 3rd over - 0 runs, 0 hits, 0 errors, 0 left on base; Hamilton 0 - London 0 |
BOTTOM OF THE 3RD |
London Majors batting - Pitching for Hamilton Cardinals : RHP Ryan Zart
|
Batting: RHB Jerry Perez
|
0-0: Fly out, F8 (Line Drive, 8LD, EV 106.2 MPH)
|
Batting: SHB Steve Ramsey
|
0-0: Called Strike 0-1: Ball 1-1: Foul Ball, location: 2F 1-2: Ball 2-2: Fly out, F7 (Flyball, 7LM, EV 90.0 MPH)
|
Batting: SHB Toby Patenaude
|
0-0: Foul Ball, location: 2F 0-1: SINGLE (Groundball, P, EV 96.9 MPH)
|
Batting: RHB Brandon Williams
|
0-0: Ball 1-0: Called Strike 1-1: Swinging Strike 1-2: Strikes out swinging
|
Bottom of the 3rd over - 0 runs, 1 hit, 0 errors, 1 left on base; Hamilton 0 - London 0 |
TOP OF THE 4TH |
Hamilton Cardinals batting - Pitching for London Majors : LHP Frank Cota
|
Batting: SHB J.T. Ready
|
0-0: Ball 1-0: Called Strike 1-1: Ball 2-1: Ball 3-1: SINGLE (Groundball, 5S, EV 65.0 MPH) (infield hit)
|
Batting: RHB Edgar Klockow
|
0-0: Ball 1-0: Hit by Pitch J.T. Ready to second
|
Batting: LHB Pete Mitchell
|
0-0: Fly out, F3 (Popup, 34, EV 61.2 MPH)
|
Batting: SHB Kelly Brooks
|
0-0: Ball 1-0: Swinging Strike 1-1: Called Strike 1-2: Strikes out looking
|
Batting: RHB Oscar Higareda
|
0-0: Called Strike 0-1: Ball 1-1: Fly out, F9 (Flyball, 9, EV 85.0 MPH)
|
Top of the 4th over - 0 runs, 1 hit, 0 errors, 2 left on base; Hamilton 0 - London 0 |
BOTTOM OF THE 4TH |
London Majors batting - Pitching for Hamilton Cardinals : RHP Ryan Zart
|
Batting: RHB Carlos Murillo
|
0-0: Ball 1-0: Foul Ball, location: 2F 1-1: Foul Ball, location: 2F 1-2: Strikes out swinging
|
Batting: RHB Cormackle Poohdatoot
|
0-0: Fly out, F8 (Flyball, 8LXD, EV 102.5 MPH)
|
Batting: SHB Joe Loveless
|
0-0: Called Strike 0-1: Ball 1-1: Fly out, F5 (Popup, 6S, EV 66.2 MPH)
|
Bottom of the 4th over - 0 runs, 0 hits, 0 errors, 0 left on base; Hamilton 0 - London 0 |
TOP OF THE 5TH |
Hamilton Cardinals batting - Pitching for London Majors : LHP Frank Cota
|
Batting: SHB Brad Meyer
|
0-0: Ball 1-0: Called Strike 1-1: Foul Ball, location: 2F 1-2: Foul Ball, location: 2F 1-2: Strikes out swinging
|
Batting: SHB Felipe Campanella
|
0-0: Fly out, F7 (Flyball, 7LSF, EV 93.8 MPH)
|
Batting: RHB Dan Wages
|
0-0: Ground out 6-3 (Groundball, 6, EV 90.0 MPH)
|
Top of the 5th over - 0 runs, 0 hits, 0 errors, 0 left on base; Hamilton 0 - London 0 |
BOTTOM OF THE 5TH |
London Majors batting - Pitching for Hamilton Cardinals : RHP Ryan Zart
|
Batting: LHB Edwin Esparza
|
0-0: Foul Ball, location: 2F 0-1: Foul Ball, location: 2F 0-2: Ball 1-2: Ball 2-2: Foul Ball, location: 2F 2-2: Foul Ball, location: 2F 2-2: Ball 3-2: DOUBLE (Line Drive, 89XD, EV 103.8 MPH) - OUT at third base trying to stretch hit.
|
Batting: RHB Tom Bergman
|
0-0: SINGLE (Groundball, 6, EV 97.5 MPH)
|
Batting: RHB Jerry Perez
|
0-0: Grounds into double play, 6-4-3 (Groundball, 6, EV 88.1 MPH)
|
Bottom of the 5th over - 0 runs, 2 hits, 0 errors, 0 left on base; Hamilton 0 - London 0 |
TOP OF THE 6TH |
Hamilton Cardinals batting - Pitching for London Majors : LHP Frank Cota
|
Batting: LHB Rafael Banda
|
0-0: Ground out U3 (Groundball, 3, EV 93.1 MPH)
|
Batting: SHB J.T. Ready
|
0-0: Ball 1-0: Swinging Strike 1-1: SINGLE (Groundball, 56D, EV 106.9 MPH)
|
Batting: RHB Edgar Klockow
|
0-0: Called Strike 0-1: Fielders Choice at 2nd, 5-4 (Groundball, 56S, EV 89.4 MPH)
|
Batting: LHB Pete Mitchell
|
0-0: Swinging Strike 0-1: Ball 1-1: Called Strike 1-2: Ball 2-2: Ball 3-2: SINGLE (Line Drive, 4D, EV 95.6 MPH) Edgar Klockow to second Edgar Klockow to third
|
Batting: SHB Kelly Brooks
|
0-0: SINGLE (Flyball, 89S, EV 94.4 MPH) Edgar Klockow scores Pete Mitchell to second
|
Batting: RHB Oscar Higareda
|
0-0: Swinging Strike 0-1: Called Strike 0-2: Foul Ball, location: 2F 0-2: Strikes out looking
|
Top of the 6th over - 1 run, 3 hits, 0 errors, 2 left on base; Hamilton 1 - London 0 |
BOTTOM OF THE 6TH |
London Majors batting - Pitching for Hamilton Cardinals : RHP Ryan Zart
|
Batting: SHB Steve Ramsey
|
0-0: Ground out 1-3 (Groundball, P, EV 71.9 MPH)
|
Batting: SHB Toby Patenaude
|
0-0: Foul Ball, location: 2F 0-1: Foul Ball, location: 2F 0-2: Strikes out swinging
|
Batting: RHB Brandon Williams
|
0-0: Foul Ball, location: 2F 0-1: Foul Ball, location: 2F 0-2: Ball 1-2: Hit by Pitch
|
Batting: RHB Carlos Murillo
|
0-0: Swinging Strike 0-1: Called Strike Brandon Williams steals 2nd base 0-2: Ball 1-2: Foul Ball, location: 2F 1-2: Fly out, F9 (Flyball, 9D, EV 93.8 MPH)
|
Bottom of the 6th over - 0 runs, 0 hits, 0 errors, 1 left on base; Hamilton 1 - London 0 |
TOP OF THE 7TH |
Hamilton Cardinals batting - Pitching for London Majors : LHP Frank Cota
|
Batting: SHB Brad Meyer
|
0-0: Ground out U3 (Groundball, 3, EV 78.1 MPH)
|
Batting: SHB Felipe Campanella
|
0-0: SINGLE (Line Drive, 9S, EV 106.9 MPH)
|
Batting: RHB Dan Wages
|
0-0: Swinging Strike 0-1: Fielders Choice at 2nd, 6-4 (Groundball, 6, EV 85.6 MPH)
|
Batting: LHB Rafael Banda
|
0-0: Ball 1-0: Foul Ball, location: 2F 1-1: Foul Ball, location: 2F 1-2: Ground out U3 (Groundball, 3S, EV 83.1 MPH)
|
Top of the 7th over - 0 runs, 1 hit, 0 errors, 1 left on base; Hamilton 1 - London 0 |
BOTTOM OF THE 7TH |
London Majors batting - Pitching for Hamilton Cardinals : RHP Ryan Zart
|
Batting: RHB Cormackle Poohdatoot
|
0-0: DOUBLE (Flyball, 8RXD, EV 99.4 MPH)
|
Batting: RHB Mike Vaughan
|
0-0: Ball 1-0: Called Strike 1-1: Called Strike 1-2: Ground out 5-3 (Groundball, 5, EV 84.4 MPH)
|
Batting: LHB Edwin Esparza
|
0-0: Ball 1-0: Foul Ball, location: 2F 1-1: Fly out, F7 (Flyball, 7S, EV 82.5 MPH)
|
Pitching: RHP Tom Gordam
|
|
Pinch Hitting: LHB Danny Hamilton
|
0-0: Ball 1-0: Ball 2-0: Ball 3-0: Base on Balls
|
Pinch Hitting: SHB Mike Fermin
|
0-0: Foul Ball, location: 2F 0-1: Swinging Strike 0-2: Ball 1-2: Strikes out looking
|
Bottom of the 7th over - 0 runs, 1 hit, 0 errors, 2 left on base; Hamilton 1 - London 0 |
TOP OF THE 8TH |
Hamilton Cardinals batting - Pitching for London Majors : LHP Frank Cota
|
Now at 3B: Mike Fermin
|
|
Now in LF: Salvador Ramos
|
|
Batting: SHB J.T. Ready
|
0-0: Ball 1-0: Called Strike 1-1: Called Strike 1-2: Ball 2-2: Strikes out looking
|
Batting: RHB Edgar Klockow
|
0-0: Called Strike 0-1: Ball 1-1: Ball 2-1: Swinging Strike 2-2: Foul Ball, location: 2F 2-2: Ball 3-2: Strikes out looking
|
Batting: LHB Pete Mitchell
|
0-0: Ball 1-0: Ball 2-0: Fly out, F8 (Line Drive, 8LD, EV 95.6 MPH)
|
Top of the 8th over - 0 runs, 0 hits, 0 errors, 0 left on base; Hamilton 1 - London 0 |
BOTTOM OF THE 8TH |
London Majors batting - Pitching for Hamilton Cardinals : RHP Tom Gordam
|
Batting: SHB Steve Ramsey
|
0-0: Ball 1-0: Ball 2-0: Called Strike 2-1: DOUBLE (Line Drive, 9LS, EV 102.5 MPH)
|
Batting: SHB Toby Patenaude
|
0-0: Ball 1-0: Ball 2-0: Ball 3-0: Called Strike 3-1: Called Strike 3-2: DOUBLE (Line Drive, 89M, EV 102.5 MPH) Steve Ramsey scores
|
Batting: RHB Brandon Williams
|
0-0: Ball 1-0: Fly out, F9 (Flyball, 89M, EV 96.2 MPH) Runner from 2nd tags up, OUT at 3rd! 9-5
|
Batting: RHB Carlos Murillo
|
0-0: SINGLE (Groundball, 56S, EV 62.5 MPH) (infield hit)
|
Pinch Hitting: RHB Chad Colyer
|
0-0: Foul Ball, location: 2F 0-1: Foul Ball, location: 2F 0-2: Foul Ball, location: 2F 0-2: Ball 1-2: Fly out, F9 (Flyball, 89S, EV 89.4 MPH)
|
Bottom of the 8th over - 1 run, 3 hits, 0 errors, 1 left on base; Hamilton 1 - London 1 |
TOP OF THE 9TH |
Hamilton Cardinals batting - Pitching for London Majors : LHP Frank Cota
|
Now at 1B: Joy-shan Li
|
|
Batting: RHB Sal Guzman
|
0-0: Ball 1-0: Called Strike 1-1: Called Strike 1-2: Ground out 5-3 (Groundball, 56, EV 91.9 MPH)
|
Batting: RHB Oscar Higareda
|
0-0: Ball 1-0: Foul Ball, location: 2F 1-1: Swinging Strike 1-2: Strikes out swinging
|
Pinch Hitting: RHB Arnold Schuler
|
0-0: Called Strike 0-1: Swinging Strike 0-2: Ball 1-2: Ball 2-2: Ground out 6-3 (Groundball, 6, EV 103.8 MPH)
|
Top of the 9th over - 0 runs, 0 hits, 0 errors, 0 left on base; Hamilton 1 - London 1 |
BOTTOM OF THE 9TH |
London Majors batting - Pitching for Hamilton Cardinals : RHP Tom Gordam
|
Now at 1B: Diego Herrera
|
|
Batting: RHB Mike Vaughan
|
0-0: Ball 1-0: Ball 2-0: Ball 3-0: Called Strike 3-1: Swinging Strike 3-2: Base on Balls
|
Batting: LHB Edwin Esparza
|
0-0: Sac Bunt to 23 - play at first, batter OUT! 3-4 Mike Vaughan to second
|
Pinch Hitting: RHB Mel Bohorquez
|
0-0: Ball 1-0: Called Strike 1-1: Ball 2-1: Foul Ball, location: 2F 2-2: Ball 3-2: Fly out, F9 (Flyball, 9S, EV 85.6 MPH)
|
Batting: SHB Mike Fermin
|
0-0: Intentional Walk
|
Batting: SHB Steve Ramsey
|
0-0: Called Strike 0-1: Swinging Strike 0-2: Ball 1-2: Strikes out swinging
|
Bottom of the 9th over - 0 runs, 0 hits, 0 errors, 2 left on base; Hamilton 1 - London 1 |
TOP OF THE 10TH |
Hamilton Cardinals batting - Pitching for London Majors : LHP Frank Cota
|
Pitching: LHP Jim Sabin
|
|
Now in LF: Mel Bohorquez
|
|
Pinch Hitting: LHB Doug Nebel
|
0-0: Ball 1-0: Called Strike 1-1: Foul Ball, location: 2F 1-2: Ball 2-2: Strikes out swinging
|
Batting: RHB Dan Wages
|
0-0: Ball 1-0: Foul Ball, location: 2F 1-1: Swinging Strike 1-2: Ball 2-2: Foul Ball, location: 2F 2-2: Ball 3-2: Strikes out swinging
|
Pinch Hitting: RHB Kyle Franken
|
0-0: Called Strike 0-1: Ball 1-1: Swinging Strike 1-2: Ball 2-2: Ball 3-2: Fly out, F9 (Line Drive, 9S, EV 86.9 MPH)
|
Top of the 10th over - 0 runs, 0 hits, 0 errors, 0 left on base; Hamilton 1 - London 1 |
BOTTOM OF THE 10TH |
London Majors batting - Pitching for Hamilton Cardinals : RHP Tom Gordam
|
Pitching: LHP Craig Soole
|
|
Now at 3B: Seung-kab Park
|
|
Now in CF: Matt Shaw
|
|
Batting: SHB Toby Patenaude
|
0-0: Swinging Strike 0-1: Ball 1-1: SINGLE (Flyball, 4D, EV 86.2 MPH)
|
Batting: RHB Brandon Williams
|
0-0: Ball 1-0: Swinging Strike 1-1: Ball 2-1: Swinging Strike 2-2: Foul Ball, location: 2F 2-2: Ball 3-2: Base on Balls Toby Patenaude to second
|
Batting: RHB Carlos Murillo
|
0-0: Swinging Strike 0-1: Ball 1-1: Foul Ball, location: 2F 1-2: Ball 2-2: Foul Ball, location: 2F 2-2: 3-RUN HOME RUN (Flyball, 7LD, EV 98.8 MPH), Distance : 376 ft
|
Bottom of the 10th over - 3 runs, 2 hits, 0 errors, 0 left on base; Hamilton 1 - London 4 |
|